 Dungeon Crawl Stone Soup version 0.30.0-30-g96aa6591b8 (webtiles) character file.

Game seed: 9185772707288223378

136013 McKennaii the Devastator (level 16, -4/139 HPs)
             Began as a Demigod Conjurer on June 26, 2023.
             Slain by a spriggan druid
             ... wielding a +0 quarterstaff
              (20 damage)
             ... on level 1 of the Swamp.
             The game lasted 01:01:44 (32371 turns).

McKennaii the Devastator (Demigod Conjurer)        Turns: 32371, Time: 01:01:44

Health: -4/139     AC: 11    Str: 20    XL:     16   Next: 16%
Magic:  4/41       EV: 11    Int: 38    God:
Gold:   854        SH:  0    Dex: 12    Spells: 28/46 levels left

rFire   + . .        S - +10 morningstar "Eos" {elec, Halo rElec}
rCold   . . .        (no shield)
rNeg    . . .        X - +1 leather armour "Ykhuxamae" {rPois rCorr Str+3}
rPois   +            y - +1 helmet {SInv}
rElec   +            H - +0 cloak
rCorr   +            M - +1 pair of gloves "Hyddya" {Drain Regen+ Str+5 Int+2}
SInv    +            d - +0 pair of boots
Will    +....        j - amulet of magic regeneration
Stlth   +            f - ring of protection from fire
HPRegen 1.23/turn    O - ring of flight
MPRegen 0.67/turn

%: no passive effects
@: about to teleport, flying, glowing
A: high MP 1, forlorn, divine attributes
a: no special abilities


You were on level 1 of the Swamp.
You visited 4 branches of the dungeon, and saw 23 of its levels.
You also visited: Ossuary, Bailey and Ice Cave.

You collected 3049 gold pieces.
You spent 2195 gold pieces at shops.

Inventory:

Hand Weapons
 S - the +10 morningstar "Eos" (weapon) {elec, Halo rElec}
   (You found it on level 12 of the Dungeon)

   Halo:      It grants its wielder a halo, revealing invisible creatures and
   increasing accuracy against all within it other than the wielder.
   rElec:     It insulates you from electricity.
Armour
 d - a +0 pair of boots (worn)
 y - a +1 helmet of see invisible (worn)
 H - a +0 cloak (worn)
 M - the +1 pair of gloves "Hyddya" (worn) {Drain Regen+ Str+5 Int+2}
   (You found it on level 5 of the Lair of Beasts)

   Str:       It affects your strength (+5).
   Int:       It affects your intelligence (+2).
   Regen:     It increases your rate of health regeneration.
   Drain:     It drains your maximum health when unequipped.
 X - the +1 leather armour "Ykhuxamae" (worn) {rPois rCorr Str+3}
   (You bought it in a shop on level 1 of the Orcish Mines)

   Str:       It affects your strength (+3).
   rPois:     It protects you from poison.
   rCorr:     It protects you from acid and corrosion.
Magical Staves
 t - a staff of conjuration
Jewellery
 f - a ring of protection from fire (left hand)
 j - an amulet of magic regeneration (around neck)
 s - a ring of wizardry
 O - a ring of flight (right hand)
 W - a ring of protection from cold
Wands
 a - a wand of digging (12)
 A - a wand of roots (23)
 D - a wand of charming (30)
 G - a wand of flame (19)
 J - a wand of quicksilver (2)
 Q - a wand of mindburst (14)
Scrolls
 e - 4 scrolls of immolation
 i - 3 scrolls of fog
 k - 4 scrolls of amnesia
 m - a scroll of brand weapon
 r - 3 scrolls of poison
 u - 3 scrolls of magic mapping
 v - a scroll of fear
 z - 10 scrolls of teleportation
 B - 2 scrolls of enchant weapon
 C - 3 scrolls of vulnerability
 E - 3 scrolls of enchant armour
 I - 5 scrolls of blinking
 K - a scroll of silence
 L - a scroll of butterflies
 P - a scroll of identify
Potions
 b - 4 potions of magic
 c - 13 potions of curing
 g - 6 potions of heal wounds
 h - 10 potions of haste
 l - 7 potions of brilliance
 n - 3 potions of resistance
 o - 2 potions of berserk rage
 p - 2 potions of flight
 q - 5 potions of mutation
 w - 10 potions of might
 x - 6 potions of cancellation
 F - 5 potions of attraction {unknown}
 N - 3 potions of invisibility {unknown}
 T - a potion of lignification {unknown}
 V - 2 potions of ambrosia {unknown}


   Skills:
 - Level 12.0 Fighting
 - Level 4.0 Armour
 - Level 1.7 Dodging
 - Level 1.7 Stealth
 + Level 15.8 Spellcasting
 + Level 17.4 Conjurations
 * Level 10.5 Fire Magic


You had 28 spell levels left.
You knew the following spells:

 Your Spells              Type           Power      Damage    Failure   Level
a - Magic Dart            Conj           100%       1d8       0%          1
b - Searing Ray           Conj           100%       2d8       0%          2
c - Iskenderun's Mystic   Conj/Tloc      77%        2d15      1%          4
d - Fireball              Conj/Fire      47%        3d19      1%          5
e - Starburst             Conj/Fire      47%        6d13      1%          6

Your spell library contained the following spells:

 Spells                   Type           Power      Damage    Failure   Level
 Foxfire                  Conj/Fire      100%       2x1d9     0%          1
 Apportation              Tloc           60%        N/A       1%          1
 Beastly Appendage        Tmut           60%        N/A       1%          1
 Kiss of Death            Conj/Necr      100%       2d13      1%          1
 Sandblast                Erth           60%        2d14      1%          1
 Shock                    Conj/Air       100%       1d9       1%          1
 Slow                     Hex            100%       N/A       1%          1
 Blink                    Tloc           60%        N/A       1%          2
 Lesser Beckoning         Tloc           60%        N/A       1%          2
 Momentum Strike          Conj/Tloc      100%       3d10      1%          2
 Passwall                 Tmut/Erth      25%        N/A       1%          2
 Wereblood                Tmut           30%        N/A       1%          2
 Dazzling Flash           Conj/Hex       100%       N/A       1%          3
 Ignite Poison            Fire/Tmut/Pois 54%        N/A       1%          3
 Mephitic Cloud           Conj/Pois/Air  65%        N/A       1%          3
 Stone Arrow              Conj/Erth      100%       3d13      1%          3
 Volatile Blastmotes      Fire/Tloc      100%       2d18      1%          3
 Fulminant Prism          Conj/Hex       38%        3d17      1%          4
 Sticky Flame             Conj/Fire      94%        2d10      1%          4
 Irradiate                Conj/Tmut      38%        3d24      1%          5
 Call Canine Familiar     Summ           30%        N/A       3%          3
 Confusing Touch          Hex            30%        N/A       3%          3
 Portal Projectile        Hex/Tloc       60%        N/A       3%          3
 Spider Form              Tmut/Pois      30%        N/A       3%          3
 Vampiric Draining        Necr           30%        2d8       3%          3
 Conjure Ball Lightning   Conj/Air       38%        3x3d12    5%          6
 Animate Armour           Summ/Erth      60%        N/A       13%         4
 Dispel Undead            Necr           30%        3d14      13%         4
 Leda's Liquefaction      Hex/Erth       15%        N/A       13%         4
 Petrify                  Tmut/Erth      30%        N/A       13%         4
 Summon Ice Beast         Ice/Summ       30%        N/A       13%         4
 Alistair's Intoxication  Tmut/Pois      20%        N/A       34%         5
 Blade Hands              Tmut           15%        N/A       34%         5
 Lee's Rapid Deconstruct  Erth           15%        3d10*     34%         5
 Metabolic Englaciation   Hex/Ice        15%        N/A       34%         5
 Summon Forest            Summ/Tloc      15%        N/A       34%         5
 Ignition                 Fire           42%        3d12      73%         8
 Eringya's Noxious Bog    Tmut/Pois      15%        N/A       89%         6
 Statue Form              Tmut/Erth      20%        N/A       89%         6
 Summon Cactus Giant      Summ           15%        N/A       89%         6
 Lehudib's Crystal Spear  Conj/Erth      38%        10d10     93%         8
 Dragon Form              Tmut           15%        N/A       100%        7
 Summon Hydra             Summ           15%        N/A       100%        7
 Discord                  Hex            15%        N/A       100%        8
 Disjunction              Tloc           15%        N/A       100%        8


Dungeon Overview and Level Annotations

Branches:
Dungeon (15/15)            Temple (0/1) D:7            Lair (5/5) D:11
  Swamp (1/4) Lair:3       Spider (0/4) Lair:3        Slime (0/5) Lair:4
    Orc (2/2) D:10            Elf (0/3) Orc:2        Vaults (0/5) D:14
 Depths (0/4) D:15        Ossuary (visited)          Bailey (visited)
  IceCv (visited)

Shops:
D:2 =   D:13 (   Orc:1 *!:   Orc:2 *=[(


Innate Abilities, Weirdness & Mutations

You have an increased reservoir of magic. (+10% MP)
You shall have no god before yourself.
Your divine heritage dramatically boosts your attributes as you level up.


Message History

The foxfire dissipates!
Unknown command.
Unknown command.
Unknown command.
The seven-headed hydra attacks as you move away!
The seven-headed hydra bites you!
The seven-headed hydra closely misses you.
The seven-headed hydra bites you!
* * * LOW HITPOINT WARNING * * *
The seven-headed hydra bites you!
* * * LOW HITPOINT WARNING * * *
The seven-headed hydra bites you but does no damage.
The seven-headed hydra bites you.
* * * LOW HITPOINT WARNING * * *
The seven-headed hydra bites you.
* * * LOW HITPOINT WARNING * * *
The eleionoma flows through the trees.
The spriggan rider hits you from afar with a +0 spear.
* * * LOW HITPOINT WARNING * * *
Unknown command.
Unknown command.
You feel much better.
The trees move their gnarly branches around.
The spriggan rider hits you from afar with a +0 spear!
* * * LOW HITPOINT WARNING * * *
The spriggan shoots a sling bullet.
The sling bullet completely misses you. The eleionoma hits you.
* * * LOW HITPOINT WARNING * * *
The seven-headed hydra bites you but does no damage.
The seven-headed hydra barely misses you.
The seven-headed hydra bites you.
* * * LOW HITPOINT WARNING * * *
The seven-headed hydra bites you but does no damage.
The seven-headed hydra closely misses you.
The seven-headed hydra bites you.
* * * LOW HITPOINT WARNING * * *
The seven-headed hydra bites you!
* * * LOW HITPOINT WARNING * * *
The spriggan druid hits you with a +0 quarterstaff!!
You die...

♣.♣ ~~.♣♣♣ ~.~~~♣♣ ♣.
..~..♣ #....~. ♣..~.
♣♣ .....~~♣♣..~♣♣~♣♣
....§~......R..~♣
.....$.~^.i@.~♣
#..~.....~D.♣♣
##....n.ii.§~♣
#..♣~..~.~..♣♣♣♣♣♣
##.~~~†....♣♣~..~♣♣♣♣
...~~~.~v♣♣♣♣♣.~~..~.♣
..~§§~~..[♣♣♣.~~~~...♣
..~§§)~~.♣♣♣~....~♣♣♣♣
...~~~~~~.♣..~~~.~♣


You could see an eleionoma, a seven-headed hydra, a spriggan rider, a spriggan
druid, a will-o-the-wisp, a bog body and a spriggan.

Vanquished Creatures
  Jorgrun (D:15)
  A frost giant (IceCv)
  The ghost of disskorpion the Skirmisher, a journeyman GnHu of Hepliaklqana (D:13)
  Fannar (Lair:2)
  6 hydras
  6 catoblepae
  3 ogre magi
  A boulder beetle (D:12)
  12 two-headed ogres
  A centaur warrior (D:15)
  2 alligators (Swamp:1)
  A death knight (D:14)
  13 death yaks
  A deep elf knight (D:14)
  Sonja (Orc:1)
  5 skeletal warriors
  2 goliath frogs (Swamp:1)
  2 deep trolls (Orc:2)
  3 flayed ghosts (D:13)
  A spriggan druid (Swamp:1)
  6 oklob plants
  4 deep elf pyromancers
  A phantasmal warrior (D:14)
  2 orc knights
  3 deep elf zephyrmancers (D:14)
  8 cyclopes
  A wolf spider (D:15)
  11 manticores
  A salamander (D:15)
  8 ugly things
  25 elephants
  5 black mambas
  A water nymph (shapeshifter) (D:15)
  4 torpor snails
  An ice statue (IceCv)
  A gargoyle (D:12)
  14 cane toads
  9 rime drakes
  An unseen horror (D:12)
  3 komodo dragons (Lair:4)
  4 freezing wraiths
  4 hornets
  18 trolls
  A wolf spider simulacrum (D:15)
  A meliai (D:14)
  A polar bear (shapeshifter) (D:15)
  2 tyrant leeches (Swamp:1)
  A merfolk (D:15)
  4 polar bears (IceCv)
  10 dream sheep
  11 blink frogs
  A centaur simulacrum (D:14)
  A jumping spider (shapeshifter) (D:13)
  A vampire (D:9)
  17 slime creatures
  2 spriggans (Swamp:1)
  Sigmund (D:5)
  4 wyverns
  6 wraiths
  91 yaks
  A steam dragon (Lair:2)
  A water elemental (D:11)
  2 redbacks (Lair:3)
  3 basilisks
  16 vampire mosquitoes
  Edmund (D:5)
  2 swamp worms (Swamp:1)
  A warg (Orc:2)
  Duvessa (D:4)
  3 acid dragons
  13 water moccasins
  27 orc warriors
  A floating eye (Lair:3)
  2 black bears
  2 swamp drakes (Swamp:1)
  5 boggarts
  25 ogres
  11 wolves
  13 centaurs
  2 phantoms
  7 kobold brigands
  9 bullfrogs
  A gnoll sergeant (D:7)
  4 elf zombies (Ossuary)
  2 scorpions
  9 wights
  Dowan (D:4)
  4 electric eels (D:11)
  7 howler monkeys
  3 jellies
  3 centaur zombies (Ossuary)
  6 hounds
  27 orc priests
  2 human zombies (Ossuary)
  Ijyb (D:4)
  8 iguanas
  31 orc wizards
  5 hell rats (Lair:3)
  A hound zombie (Ossuary)
  3 mummies (Ossuary)
  20 gnolls
  5 adders
  A shadow imp (D:6)
  2 white imps
  An ufetubus (D:5)
  4 worms
  2 dart slugs
  123 orcs
  6 ball pythons
  4 bats
  5 endoplasms
  15 giant cockroaches
  39 goblins
  30 hobgoblins
  9 jackals
  25 kobolds
  3 frilled lizards
  5 goblin zombies (Ossuary)
  6 hobgoblin zombies (Ossuary)
  4 jackal zombies (Ossuary)
  4 kobold zombies (Ossuary)
  3 quokka zombies (Ossuary)
  5 rats
  A rat zombie (Ossuary)
942 creatures vanquished.

Vanquished Creatures (others)
  A goblin (D:4)
  A butterfly (D:8)
  4 foxfires (Swamp:1)
6 creatures vanquished.

Grand Total: 948 creatures vanquished

Notes
Turn   | Place    | Note
-------+----------+-------------------------------------------
     0 | D:1      | McKennaii the Demigod Conjurer began the quest for the Orb.
     0 | D:1      | Reached XP level 1. HP: 14/14 MP: 5/5
   115 | D:1      | Got Beginning Spellwork
   385 | D:1      | Reached XP level 2. HP: 20/20 MP: 5/7
   636 | D:1      | Reached skill level 4 in Conjurations
   744 | D:1      | Learned a level 2 spell: Searing Ray
  1015 | D:2      | Reached XP level 3. HP: 26/26 MP: 0/9
  1393 | D:2      | Found Gejero's Jewellery Boutique.
  1651 | D:2      | Reached XP level 4. HP: 30/33 MP: 11/11
  2096 | D:3      | Reached skill level 5 in Conjurations
  2096 | D:3      | Reached XP level 5. HP: 18/38 MP: 1/13
  3473 | D:3      | Reached XP level 6. HP: 38/45 MP: 0/15
  3478 | D:3      | Learned a level 4 spell: Iskenderun's Mystic Blast
  4469 | D:4      | Noticed Ijyb
  4681 | D:4      | Noticed Duvessa
  4681 | D:4      | Noticed Dowan
  4740 | D:4      | Killed Ijyb
  4927 | D:4      | Found a sand-covered staircase.
  4936 | Ossuary  | Entered an ossuary
  4952 | Ossuary  | Reached skill level 6 in Conjurations
  5135 | Ossuary  | Reached XP level 7. HP: 49/50 MP: 8/17
  5248 | Ossuary  | Reached skill level 5 in Spellcasting
  5571 | Ossuary  | Identified a scroll of acquirement
  5591 | D:4      | Reached skill level 7 in Conjurations
  6204 | D:4      | Killed Duvessa
  6205 | D:4      | Reached XP level 8. HP: 25/57 MP: 4/20
  6332 | D:4      | Killed Dowan
  6479 | D:5      | Entered Level 5 of the Dungeon
  6609 | D:5      | Noticed Sigmund
  6613 | D:5      | Killed Sigmund
  6708 | D:5      | Noticed Edmund
  6743 | D:5      | Killed Edmund
  6744 | D:5      | Reached skill level 8 in Conjurations
  7917 | D:6      | Reached XP level 9. HP: 62/62 MP: 20/24
  7945 | D:6      | Reached skill level 9 in Conjurations
  8797 | D:7      | Found a staircase to the Ecumenical Temple.
  8965 | D:7      | Found a flagged portal.
  8975 | Bailey   | Entered a bailey
  9837 | Bailey   | Reached skill level 10 in Conjurations
 10827 | D:7      | Reached skill level 1 in Fighting
 11102 | D:7      | Reached XP level 10. HP: 73/73 MP: 23/27
 11879 | D:8      | Reached skill level 5 in Fighting
 12320 | D:9      | Reached skill level 11 in Conjurations
 12746 | D:9      | Noticed a manticore
 12758 | D:9      | Killed a manticore
 14092 | D:10     | Entered Level 10 of the Dungeon
 14206 | D:10     | Reached skill level 10 in Spellcasting
 14648 | D:10     | Found a staircase to the Orcish Mines.
 14661 | D:10     | Reached XP level 11. HP: 73/92 MP: 22/29
 15404 | D:11     | Reached skill level 1 in Armour
 15471 | D:11     | Found a staircase to the Lair.
 16473 | Lair:1   | Entered Level 1 of the Lair of Beasts
 16482 | Lair:1   | Reached skill level 12 in Conjurations
 17008 | Lair:1   | Reached skill level 10 in Fighting
 17291 | Lair:2   | Reached XP level 12. HP: 98/106 MP: 18/31
 17347 | Lair:2   | Noticed Fannar
 17397 | Lair:1   | Reached skill level 13 in Conjurations
 17397 | Lair:1   | Reached XP level 13. HP: 113/113 MP: 32/34
 17402 | Lair:1   | Acquired a staff of conjuration
 17796 | Lair:2   | Killed Fannar
 18697 | Lair:3   | Reached skill level 14 in Conjurations
 18850 | Lair:3   | Found a staircase to the Swamp.
 18853 | Lair:3   | Found a hole to the Spider Nest.
 21250 | Lair:4   | Reached skill level 15 in Conjurations
 21393 | Lair:4   | Found a staircase to the Slime Pits.
 21480 | Lair:4   | Reached XP level 14. HP: 109/126 MP: 25/36
 22066 | Lair:5   | Entered Level 5 of the Lair of Beasts
 23286 | Lair:5   | Reached skill level 16 in Conjurations
 23366 | Lair:5   | Identified the +1 pair of gloves "Hyddya" {Drain Regen+
                  | Str+5 Int+2}
 23382 | Lair:5   | Learned a level 6 spell: Starburst
 23918 | Lair:5   | Reached skill level 1 in Fire Magic
 24765 | D:12     | Identified the +9 sling of Hiowk {antimagic, Str+4 Stlth+}
 24896 | D:12     | Found the +10 morningstar "Eos" {elec, Halo rElec}
 25312 | D:12     | You are sucked into a shaft and drop 1 floor!
 25429 | D:13     | Got the Essays on the Red Mantle
 25478 | D:13     | Found a runed translucent gate.
 25481 | D:13     | Found a runed translucent gate.
 25481 | D:13     | Found a runed translucent gate.
 25484 | D:13     | Noticed disskorpion's ghost (journeyman GnHu)
 26117 | D:13     | Found Arryvov's Weapon Emporium.
 26426 | D:13     | Reached skill level 5 in Fire Magic
 26451 | D:13     | Killed disskorpion's ghost
 26717 | D:14     | Reached XP level 15. HP: 119/132 MP: 28/39
 27045 | D:14     | Identified the +8 short sword "Wofat" {distort, rC+}
 27051 | D:14     | Reached skill level 15 in Spellcasting
 27251 | D:14     | Found a gate to the Vaults.
 27387 | D:14     | Got the Secrets of Vehement Creation
 27397 | D:14     | Learned a level 5 spell: Fireball
 27545 | D:15     | Entered Level 15 of the Dungeon
 27620 | D:15     | Noticed Jorgrun
 27625 | D:15     | Killed Jorgrun
 28593 | D:15     | Found a staircase to the Depths.
 29046 | Orc:1    | Entered Level 1 of the Orcish Mines
 29047 | Orc:1    | Noticed Sonja
 29049 | Orc:1    | Killed Sonja
 29052 | Orc:1    | Found Caofuf's Distillery.
 29237 | Orc:1    | Bought a potion of mutation for 128 gold pieces
 29243 | Orc:1    | Found a frozen archway.
 29252 | IceCv    | Entered an ice cave
 29602 | IceCv    | Reached skill level 17 in Conjurations
 30168 | Orc:1    | Found Neazutte's Assorted Antiques.
 30176 | Orc:1    | Bought a scroll labelled BIFIQO GULAAQI for 25 gold pieces
 30176 | Orc:1    | Bought an amethyst potion for 22 gold pieces
 30176 | Orc:1    | Bought an amethyst potion for 22 gold pieces
 30176 | Orc:1    | Bought 2 potions of magic for 400 gold pieces
 30176 | Orc:1    | Bought a potion of haste for 250 gold pieces
 30176 | Orc:1    | Bought a potion of curing for 75 gold pieces
 30176 | Orc:1    | Bought a slimy leather armour for 175 gold pieces
 30176 | Orc:1    | Identified the +1 leather armour "Ykhuxamae" {rPois rCorr
                  | Str+3} (You bought it in a shop on level 1 of the Orcish
                  | Mines)
 30472 | Orc:1    | Found Xuonaaca's Book Shoppe.
 30478 | Orc:1    | Bought a book of Armaments for 504 gold pieces
 30478 | Orc:1    | Bought a book of Geomancy for 252 gold pieces
 30499 | Orc:2    | Entered Level 2 of the Orcish Mines
 30513 | Orc:2    | Found a staircase to the Elven Halls.
 31284 | Orc:2    | Found Bioph's General Store.
 31290 | Orc:2    | Found Ilyx Soe's Jewellery Boutique.
 31297 | Orc:2    | Reached skill level 10 in Fire Magic
 31297 | Orc:2    | Reached XP level 16. HP: 139/139 MP: 6/41
 31471 | Orc:2    | Bought a scroll of teleportation for 51 gold pieces
 31471 | Orc:2    | Bought a potion of curing for 51 gold pieces
 31473 | Orc:2    | Found Uwu Ykke's Antique Armour Shoppe.
 31474 | Orc:2    | Found Daniku Coa's Weapon Shoppe.
 31539 | Orc:2    | Bought a shiny helmet for 240 gold pieces
 32089 | Swamp:1  | Entered Level 1 of the Swamp
 32371 | Swamp:1  | Slain by a spriggan druid

Illustrated notes

Levels and vault maps discovered:
D:1:      minmay_arrival_semitransparent, layout_loops_ring
D:2:      minmay_roachtagon, layout_rooms, serial_shops, shop, basic_altar,
          corexii_shack, corexii_item_surrounded_by_moat
D:3:      minmay_goblin_kobold_castle, layout_loops_ring, lemuel_doored_altar,
          nicolae_uskayaw_dance_hall, grunt_ministairs_14, minmay_cut_off
D:4:      kennysheep_goblin_castle, layout_basic, enter_ossuary_1, uniq_duvessa
D:5:      layout_loops_ring, mainiacjoe_overflow_concentric_impassable,
          xom_redecorated, general_overflow_altar,
          mainiacjoe_overflow_surrounded_room,
          beargit_hepliaklqana_dungeon_heroes, uniq_edmund
D:6:      layout_basic, nicolae_ru_awakened_eye,
          mainiacjoe_overflow_small_starburst, mainiacjoe_overflow_brackets,
          chequers_big_river
D:7:      layout_basic, temple_statues, enter_bailey_3
D:8:      layout_rooms, bloody_makhleb, nicolae_elyvilon_peaceful_grove,
          grunt_temple_overflow_open
D:9:      layout_layer_cave
D:10:     layout_basic, kennysheep_orc_sif_temple, minmay_orc_entry_temple_small
D:11:     layout_loops_corners, erik_lair_island
D:12:     layout_basic
D:13:     layout_roguey [special_room_orc], serial_shops, shop,
          gammafunk_ghost_spectres
D:14:     layout_rooms, hangedman_vaults_entry_quadrant_bands,
          serial_bayou_pond_d, kennysheep_inner_square
D:15:     hangedman_depths_entry_try_elsewhere_first, layout_stronghold,
          nicolae_gozag_cash_rules_everything_around_me, uniq_jorgrun
Lair:1:   layout_gridlike, ldierk_geyser
Lair:2:   layout_misc_corridors, uniq_fannar
Lair:3:   layout_regular_city, swamp_mist, spider_nest_entry_webs,
          disabler_island
Lair:4:   nzn_motion_control, layout_regular_city, slime_entry_1,
          hangedman_tree_tricks, lemuel_fruit_fields
Lair:5:   evilmike_catoblepas_cave, layout_cave_pods, grunt_megastairs_5
Swamp:1:  layout_basic_swamp, evilmike_swamp_ruin_rubble_1, swamp_pool1
Orc:1:    layout_caves, serial_shops, shop, nicolae_shop_statue_plus, shop,
          portal_ice_cave_entry_pillars_1, mines2_david, uniq_sonja
Orc:2:    st_orc_open, layout_caves, basic_altar

Skill      XL: |  1  2  3  4  5  6  7  8  9 10 11 12 13 14 15 |
---------------+----------------------------------------------+-----
Spellcasting   | 2 3 4 6 7 9 10 11 12 13 14 15 | 15.8
Conjurations   | 4 5 6 7 8 10 11 12 13 15 16 17 | 17.4
Fighting       | 1 7 10 12 | 12.0
Armour         | 4 |  4.0
Fire Magic     | 5 10 | 10.5
Dodging        | |  1.7
Stealth        | |  1.7

Action                     |  1- 3 |  4- 6 |  7- 9 | 10-12 | 13-15 | 16-18 || total
---------------------------+-------+-------+-------+-------+-------+-------++-------
  Melee: Unarmed           |    30 |       |       |       |       |       ||    30
         Dagger            |    39 |    45 |       |       |       |       ||    84
         Rapier            |       |       |       |     5 |       |       ||     5
         Staff             |       |       |       |       |    18 |       ||    18
         Morningstar       |       |       |       |       |    21 |     1 ||    22
   Cast: Magic Dart        |    66 |   194 |   343 |   260 |   212 |       ||  1075
         Searing Ray       |     3 |    22 |    85 |    80 |    96 |       ||   286
         Iskenderun's Myst |       |     1 |    19 |    83 |   266 |     6 ||   375
         Starburst         |       |       |       |       |   110 |       ||   110
         Fireball          |       |       |       |       |   208 |    48 ||   256
  Evoke: Wand              |       |       |       |       |     8 |       ||     8
    Use: Scroll            |       |     7 |     8 |     4 |    12 |     1 ||    32
         Potion            |       |     2 |       |     1 |     1 |     1 ||     5
 Armour: Robe              |    37 |    38 |    13 |     5 |    56 |       ||   149
         Troll leather arm |       |       |       |    13 |    11 |       ||    24
         Leather armour    |       |       |       |       |     5 |     9 ||    14
  Dodge: Dodged            |    77 |    66 |    76 |    88 |   151 |    14 ||   472
